 Dungeon Crawl Stone Soup version 0.19.1 (webtiles) character file.

252 empire the Skirmisher (level 5, 0/46 HPs)
             Began as a Centaur Gladiator on Dec 21, 2016.
             Shot with an arrow by a centaur (12 damage)
             ... on level 4 of the Dungeon.
             The game lasted 00:07:29 (2973 turns).

empire the Skirmisher (Centaur Gladiator)           Turns: 2973, Time: 00:07:30

Health: 0/46       AC:  8    Str: 18    XL:     5   Next: 89%
Magic:  5/5        EV: 12    Int:  7    God:
Gold:   143        SH:  7    Dex: 15    Spells: 0 memorised, 4 levels left

rFire  . . .     SeeInvis .     a - +2 dagger (venom)
rCold  . . .     Gourm    .     i - +0 ring mail {rN+}
rNeg   + . .     Faith    .     D - +0 shield
rPois  .         Spirit   .     v - +0 helmet
rElec  .         Reflect  .     x - +0 cloak
rCorr  .         Harm     .     (no gloves)
MR     .....                    (no barding)
Stlth  +.........               (no amulet)
                                (no ring)
                                (no ring)

@: agile, very quick
A: hooves 3, deformed body, speed 2, tough skin 3
a: no special abilities


You were on level 4 of the Dungeon.
You were hungry.

You visited 1 branch of the dungeon, and saw 4 of its levels.

You collected 143 gold pieces.

Inventory:

Hand Weapons
 a - a +2 dagger of venom (weapon)
 b - a +0 falchion
 m - a +0 spear
 A - a +0 morningstar
 B - a +0 short sword
 G - a +2 dagger of speed
Missiles
 c - 3 throwing nets (quivered)
 j - 96 arrows
 o - 8 poisoned needles
 z - 42 bolts
Armour
 i - a +0 ring mail of positive energy (worn)
 n - a +0 scale mail
 s - a +0 chain mail
 v - a +0 helmet (worn)
 x - a +0 cloak (worn)
 D - a +0 shield (worn)
Wands
 r - a wand of teleportation (1/9)
Scrolls
 f - 2 scrolls of identify {unknown}
 k - a scroll of teleportation {unknown}
 p - 2 scrolls of remove curse {unknown}
 y - 3 scrolls of magic mapping {unknown}
Potions
 l - a potion of curing
 q - a potion of cure mutation
 t - a potion of might {unknown}
 u - a potion of flight {unknown}
 w - a potion of invisibility {unknown}
 C - a potion of beneficial mutation {unknown}
 E - a potion of haste {unknown}
Comestibles
 d - 2 bread rations
 g - a fruit
 h - a meat ration
 F - a chunk of flesh


   Skills:
 + Level 3.8 Fighting
 + Level 0.1 Long Blades
 - Level 2.1 Throwing
 + Level 1.9 Armour
 + Level 3.6 Dodging
 + Level 0.0 Shields
 - Level 3.0 Unarmed Combat


You had 4 spell levels left.
You didn't know any spells.

Dungeon Overview and Level Annotations

Branches:
Dungeon (4/15)
 Temple: D:4-7

Altars:
Yredelemnul
The Shining One

Annotations:
D:3 DrHerr's ghost, amateur DrFE
D:4 Blork the orc


Innate Abilities, Weirdness & Mutations

You have hooves in place of feet.
Armour fits poorly on your strangely shaped body.
You cover ground very quickly.
You have extremely tough skin. (AC +3)


Message History

Your shield and ring mail prevent you from hitting Blork the orc.
You kick Blork the orc.
Blork the orc is heavily wounded.
The centaur hits you but does no damage.
Blork the orc looks braver for a moment.
The centaur hits you but does no damage.
You block Blork the orc's attack.
You hit Blork the orc but do no damage.
Blork the orc looks as sick as possible!
Blork the orc is heavily wounded.
The centaur closely misses you.
Blork the orc hits you with a trident of protection.
* * * LOW HITPOINT WARNING * * *
The centaur barely misses you.
Blork the orc screams, "I'm going to kill you!"
Blork the orc mumbles some strange words.
Blork the orc flickers and vanishes!
Deactivating autopickup; reactivate with Ctrl-A.
The centaur wields a shortbow.
The centaur shoots an arrow.
The arrow hits you!
You die...

## #.[.........#
#=#.
#.....####..#
##.#.##
#....>..##..#
#..>...
#.....#.##.##
.....
#..........#
#.#.##
#######.##.#
#..c{# #.##.##
#..#
########......
#.####.@#
#.....#####.##
#.......#
#.###.#####.#
#######.# #.#
#.......#
#.###.###.#######
#.........#
#####.###.#
#.###.# #.....#
#######


You could see a centaur.

Vanquished Creatures
  2 orc wizards (D:3)
  Terence (D:2)
  Ijyb (D:2)
  A worker ant (D:4)
  5 adders
  A white imp (D:4)
  A dart slug (D:1)
  4 leopard geckos
  3 orcs (D:3)
  2 giant cockroaches
  6 goblins
  7 hobgoblins
  4 jackals (D:1)
  7 kobolds
  A quokka (D:3)
  A ball python (D:1)
  7 bats
  8 frilled lizards
  2 goblin zombies (D:4)
  3 hobgoblin zombies (D:4)
  A kobold skeleton (D:4)
  A kobold zombie (D:4)
  4 rats
  A spectral orc (D:2)
74 creatures vanquished.

Notes
Turn   | Place    | Note
-------+----------+-------------------------------------------
     0 | D:1      | empire the Centaur Gladiator began the quest for the Orb.
     0 | D:1      | Reached XP level 1. HP: 17/17 MP: 1/1
    35 | D:1      | Reached XP level 2. HP: 24/25 MP: 2/2
   864 | D:1      | Reached XP level 3. HP: 28/30 MP: 3/3
  1064 | D:2      | Noticed Ijyb
  1076 | D:2      | Killed Ijyb
  1109 | D:2      | Reached XP level 4. HP: 34/38 MP: 4/4
  1210 | D:2      | Reached skill level 1 in Armour
  1476 | D:2      | Found a basalt altar of Yredelemnul.
  1536 | D:2      | Noticed Terence
  1555 | D:2      | Killed Terence
  1880 | D:3      | Noticed DrHerr's ghost (amateur DrFE)
  1882 | D:3      | Reached XP level 5. HP: 40/45 MP: 5/5
  2172 | D:4      | Found a glowing golden altar of the Shining One.
  2204 | D:4      | HP: 2/45 [white imp/puff of frost (10)]
  2960 | D:4      | Noticed Blork the orc
  2965 | D:4      | Noticed a centaur
  2973 | D:4      | Shot with an arrow by a centaur

Skill      XL: |  1  2  3  4 |
---------------+-------------+-----
Fighting       | 3 |  3.8
Dodging        | 3 |  3.6
Armour         | 1 |  1.9
Long Blades    | |  0.1
Throwing       | |  2.1
Unarmed Combat | |  3.0

Action                   |  1- 3 |  4- 6 || total
-------------------------+-------+-------++-------
Melee: Unarmed           |    12 |       ||    12
       Kick              |    15 |    46 ||    61
       Dagger            |    58 |   162 ||   220
       Punch             |     2 |     3 ||     5
  Use: Potion            |       |     4 ||     4
  Eat: Chunk             |       |     5 ||     5
Armor: Leather armour    |     4 |       ||     4
       Ring mail         |    26 |    72 ||    98
Dodge: Dodged            |    31 |    72 ||   103
Block: Shield            |       |     5 ||     5
